Map: Tours du crépuscule

Players

LÉopOLDineFr

  • Race: Terran Terran
  • League: Platinum

Cabrera - Winner!

  • Race: Zerg Zerg
  • League: Silver

VOD

Have the link to the VOD?

Description

excuse my rage

Time

  • Played on: Dec. 11, 2015, 2:50 a.m.
  • Length: 17:18
Show
View Real Time Build Order
Export as new Build Order

LÉopOLDineFr Terran 

Build Orders: Hellion Opening, Mech 

Get SALT Encoding   

  12  0:01  SCV  
  13  0:13  SCV  
  14  0:18  Supply Depot  
  14  0:25  SCV  
  15  0:39  SCV  
  15  0:42  Barracks  
  16  0:47  Refinery  
  16  0:51  SCV  
  17  1:04  SCV  
  18  1:16  SCV  
  19  1:30  Orbital Command  
  19  1:31  Barracks Reactor  
  19  1:40  Command Center  
  19  1:54  Supply Depot  
  19  1:55  SCV  
  20  2:01  Refinery  
  20  2:08  Factory  
  20  2:10  Marine  
  20  2:12  Marine  
  22  2:22  SCV  
  23  2:28  Marine  
  23  2:29  Marine  
  25  2:42  SCV  
  26  2:54  SCV  
  26  2:56  Barracks Reactor, Starport  
  26  2:58  Orbital Command  
  27  2:59  Hellion x2  
  31  3:06  SCV  
  32  3:14  Supply Depot  
  32  3:18  SCV  
  33  3:22  Hellion  
  33  3:23  Hellion  
  37  3:33  Armory  
  37  3:34  Marine  
  37  3:35  Marine  
  37  3:39  Medivac  
  41  3:42  SCV  
  41  3:44  SCV  
  43  3:50  Hellion  
  43  3:52  Hellion  
  47  3:56  Supply Depot  
  47  4:01  Marine x2  
  49  4:11  SCV x2  
  49  4:15  Supply Depot  
  51  4:19  Medivac  
  51  4:20  Marine  
  51  4:23  Supply Depot  
  54  4:24  Hellion  
  56  4:35  Marine  
  56  4:36  Hellion  
  59  4:42  Factory  
  59  4:49  Marine  
  59  4:50  Hellion  
  62  4:54  SCV  
  62  4:57  SCV  
  64  5:01  Factory  
  64  5:02  Refinery  
  64  5:04  Refinery  
  64  5:06  SCV  
  49  6:07  Marine x2  
  49  6:08  Widow Mine x2  
  49  6:09  Starport Tech Lab  
  45  6:26  Factory Tech Lab x2  
  45  6:27  Marine x2  
  47  6:36  Command Center  
  47  6:37  SCV x2, Hellion  
  47  6:38  Hellion  
  47  6:39  Terran Vehicle And Ship Armor Level 1  
  53  6:46  Marine x2  
  53  6:47  Banshee  
  55  6:48  Siege Tank x2  
  55  6:49  SCV  
  55  6:52  SCV  
  66  6:59  Hellion x2  
  66  7:01  SCV  
  71  7:04  SCV  
  71  7:07  Infernal Pre-Igniter  
  72  7:10  Marine  
  72  7:11  Marine  
  72  7:13  SCV  
  75  7:16  Supply Depot, SCV  
  75  7:20  Supply Depot, Hellion  
  75  7:22  Hellion  
  80  7:25  SCV  
  80  7:29  Banshee  
  81  7:34  Marine x2  
  86  7:37  SCV x2, Siege Tank x2  
  86  7:40  Supply Depot  
  94  7:45  Hellion  
  94  7:46  Hellion  
  94  7:50  SCV, Orbital Command  
  99  7:52  Marine  
  99  7:53  Marine  
  101  7:59  Supply Depot  
  101  8:02  Supply Depot  
  101  8:03  SCV x2  
  103  8:15  SCV x2  
  103  8:18  Supply Depot  
  103  8:19  Siege Tank  
  108  8:21  Siege Tank  
  108  8:24  Raven  
  108  8:25  Marine  
  114  8:27  SCV, Hellion  
  114  8:31  Hellion  
  119  8:49  Orbital Command  
  119  8:52  Hellion, Siege Tank  
  119  8:53  Hellion  
  126  8:56  SCV  
  126  8:57  SCV  
  128  9:05  Supply Depot  
  128  9:07  Supply Depot  
  128  9:09  SCV x2  
  130  9:10  Refinery  
  130  9:12  Siege Tank  
  130  9:14  Refinery  
  130  9:16  Banshee  
  136  9:20  Hellion  
  136  9:21  Hellion  
  107  10:52  Siege Tank x2  
  107  10:53  Banshee, Hellion x2  
  102  11:14  Hellion x2  
  86  11:24  Siege Tank  
  86  11:25  Hellion  
  82  11:36  Banshee, Hellion x2  
  89  11:46  Factory, Siege Tank, Starport  
  92  11:56  Siege Tank, Terran Vehicle Weapons Level 1  
  92  11:57  Hellion x2  
  92  11:58  Engineering Bay  
  99  12:15  Marine  
  100  12:18  Hellion, Siege Tank  
  100  12:19  Hellion, Viking  
  109  12:27  SCV x3  
  109  12:29  Siege Tank  
  115  12:33  Missile Turret, Marine  
  115  12:34  Missile Turret  
  116  12:38  Hellion x2  
  116  12:39  Command Center, SCV x3  
  116  12:40  Hellion x2  
  116  12:41  Viking  
  129  12:49  Banshee  
  129  12:50  Siege Tank, Marine  
  136  12:52  Supply Depot  
  136  12:54  Supply Depot  
  136  12:56  Supply Depot  
  136  12:59  Hellion x2  
  136  13:01  Hellion x2, Siege Tank  
  136  13:03  Missile Turret  
  147  13:11  Viking  
  149  13:20  Hellion x2  
  149  13:23  Hellion x2, Hi-Sec Auto Tracking  
  149  13:25  Supply Depot  
  157  13:28  Supply Depot  
  157  13:30  Command Center, Supply Depot  
  157  13:32  Banshee  
  157  13:34  Thor  
  160  13:39  Command Center  
  160  13:41  Thor, Viking  
  168  13:42  Hellion x2  
  168  13:44  Hellion x2  
  181  14:03  Hellion x2  
  181  14:05  Hellion x2  
  181  14:06  Sensor Tower  
  172  14:11  Viking  
  172  14:15  Medivac  
  170  14:21  Siege Tank  
  168  14:24  Hellion, Siege Tank  
  168  14:25  Hellion  
  168  14:27  Hellion x2  
  179  14:44  Raven  
  181  14:46  Hellion x2  
  181  14:48  Hellion x2  
  189  14:53  Hellion  
  189  14:56  Hellion  
  193  15:07  Hellion  
  193  15:13  Missile Turret  
  195  15:14  Orbital Command  
  195  15:27  Refinery, Raven  
  194  15:43  Thor  
  200  15:50  Armory  
  199  15:58  Planetary Fortress  
  147  16:40  Siege Tank  
  147  16:41  Hellion x2, Siege Tank  
  147  16:42  Hellion x2  
Show
View Real Time Build Order
Export as new Build Order

Cabrera Zerg - Winner!

Build Orders: Hatch First 

Get SALT Encoding   

  12  0:02  Drone  
  13  0:13  Overlord  
  13  0:22  Drone  
  14  0:31  Drone  
  14  0:32  Drone  
  16  0:42  Drone  
  17  0:56  Drone  
  18  0:57  Hatchery  
  17  1:07  Drone  
  18  1:14  Spawning Pool  
  18  1:17  Extractor  
  16  1:18  Drone  
  17  1:27  Drone  
  18  1:44  Overlord  
  18  1:45  Drone  
  19  2:01  Queen  
  21  2:09  Queen  
  21  2:13  Zergling x4  
  21  2:14  Drone x2  
  27  2:20  Extractor  
  27  2:21  Drone  
  27  2:36  Drone x3  
  30  2:45  Lair  
  30  2:48  Roach Warren  
  30  2:51  Drone x2  
  31  3:07  Queen  
  31  3:09  Overlord  
  31  3:11  Drone x2  
  35  3:33  Drone x4  
  35  3:34  Drone  
  40  3:37  Roach  
  40  3:38  Roach  
  40  3:39  Overlord x2  
  44  3:47  Glial Reconstitution  
  44  4:08  Hatchery  
  44  4:09  Drone x4  
  48  4:10  Drone x2  
  49  4:25  Queen  
  49  4:29  Spore Crawler  
  50  4:32  Roach x4  
  58  4:39  Overseer  
  58  4:42  Ravager x2  
  60  4:57  Overlord x2  
  60  5:15  Overlord  
  60  5:16  Overlord  
  60  5:17  Roach x4  
  60  5:18  Roach x3  
  63  5:29  Roach  
  63  5:30  Roach x7  
  70  5:42  Roach x4  
  56  6:02  Roach x5  
  56  6:15  Roach x4  
  62  6:23  Queen  
  62  6:30  Drone x2  
  64  6:34  Ravager  
  64  6:35  Ravager  
  66  6:40  Drone x2  
  66  6:41  Drone x6  
  74  6:50  Spine Crawler  
  73  6:59  Evolution Chamber  
  72  7:01  Evolution Chamber  
  72  7:03  Drone x2  
  72  7:07  Queen  
  72  7:08  Drone x4  
  77  7:09  Drone  
  77  7:11  Extractor  
  77  7:12  Extractor  
  77  7:13  Ravager  
  77  7:14  Ravager  
  80  7:18  Queen  
  80  7:20  Drone x3  
  80  7:21  Drone x2  
  87  7:48  Zerg Missile Weapons Level 1, Zerg Ground Armor Level 1  
  87  7:54  Drone x5  
  87  7:55  Drone x2  
  94  8:02  Drone x4, Overlord  
  94  8:03  Overlord x2  
  98  8:06  Extractor  
  98  8:08  Extractor  
  98  8:11  Spore Crawler  
  95  8:17  Spine Crawler  
  94  8:25  Spine Crawler  
  94  8:26  Drone x7  
  94  8:27  Drone x2  
  102  8:49  Roach x6  
  102  8:50  Roach x4  
  102  8:53  Overlord x4  
  102  8:55  Hydralisk Den  
  121  8:57  Ravager  
  121  8:59  Hatchery, Overseer  
  121  9:02  Overlord  
  121  9:20  Roach x5  
  121  9:21  Roach x2  
  135  9:32  Hydralisk x6  
  135  9:33  Hydralisk x2  
  151  9:41  Ravager x2  
  151  9:42  Spore Crawler, Spine Crawler  
  151  9:44  Hydralisk  
  151  9:45  Hydralisk x4  
  160  10:05  Hydralisk  
  161  10:07  Overlord  
  161  10:08  Overlord x4  
  130  10:37  Hydralisk x2  
  130  10:38  Hydralisk x3, Roach x4  
  130  10:39  Roach  
  150  10:46  Zerg Ground Armor Level 2, Zerg Missile Weapons Level 2  
  150  10:55  Hydralisk x3  
  150  10:56  Hydralisk x2, Roach x4  
  150  10:57  Roach  
  89  11:33  Hydralisk x6, Roach  
  89  11:34  Hydralisk x2, Roach x6  
  119  11:58  Hatchery  
  119  11:59  Hydralisk x5  
  119  12:00  Roach x4  
  136  12:02  Hatchery  
  136  12:03  Ravager x2  
  136  12:04  Ravager  
  136  12:05  Ravager  
  139  12:13  Muscular Augments  
  139  12:28  Hydralisk  
  145  12:30  Hydralisk x2, Roach x6  
  145  12:35  Queen  
  159  13:02  Hydralisk x4  
  159  13:03  Hydralisk x3, Roach x5  
  159  13:04  Roach x2  
  187  13:14  Queen  
  189  13:27  Queen  
  189  13:28  Hydralisk  
  189  13:29  Extractor  
  189  13:31  Spine Crawler  
  189  13:32  Spine Crawler  
  189  13:33  Spore Crawler  
  189  13:35  Extractor  
  188  13:55  Infestation Pit  
  110  14:19  Hydralisk x4  
  110  14:20  Hydralisk x5, Roach x5  
  110  14:21  Roach x4  
  133  14:51  Hive  
  133  14:53  Hydralisk x4, Roach  
  133  14:54  Roach x4  
  151  15:28  Spine Crawler  
  148  15:40  Hydralisk x7, Roach  
  148  15:41  Roach x5  
  174  15:54  Ravager  
  174  15:56  Ravager  
  176  15:57  Ravager  
  176  15:58  Ravager  
  176  16:17  Hydralisk x5  
  176  16:18  Hydralisk, Roach x5  
  178  16:44  Hydralisk x2  
  178  16:45  Hydralisk x3, Roach x4  
Tags
 
Add a new tag
Caveats
  • Supply blocks, unpowered buildings, or Contaminate may cause inaccurate times.
  • Supply counts are checked every 10 seconds.